[Event "Titled Tuesday Blitz March 07 Late 2023"]
[White "Berezin, Viktor"]
[Black "Nilsen, Tobias Lang"]
[WhiteFideId "14107872"]
[BlackFideId "1521624"]
[WhiteElo "2310"]
[BlackElo "2183"]
[Result "1-0"]
[Round "10"]
[TimeControl "180+2"]
[Date "2023.03.07"]
[WhiteClock "0:00:06"]
[BlackClock "0:00:10"]

1. d4 d5 2. c4 e6 3. Nf3 c6 4. Qc2 Nf6 5. g3 dxc4 6. Qxc4 b5 7. Qc2 Bb7 8. Bg2 Nbd7 9. O-O Rc8 10. Nc3 b4 11. Na4 c5 12. Nxc5 Nxc5 13. dxc5 Bxc5 14. Qd1 Qxd1 15. Rxd1 O-O 16. Bf4 Rfd8 17. Rxd8+ Rxd8 18. Rc1 Bb6 19. e3 Nd5 20. Be5 f6 21. Bd4 e5 22. Bxb6 Nxb6 23. h4 Kf7 24. Nxe5+ fxe5 25. Bxb7 Rd2 26. Rc7+ Kf6 27. Be4 Rxb2 28. Rxa7 Nc4 29. Bd5 Nd6 30. Ra6 Ke7 31. Ra7+ Kf6 32. h5 h6 33. Rd7 Nf5 34. g4 Ne7 35. Bb3 g6 36. hxg6 Nxg6 37. Kg2 Kg5 38. Kg3 h5 39. gxh5 Kxh5 40. Rb7 Kg5 41. Rxb4 Ne7 42. Kf3 Nf5 43. a4 Nh4+ 44. Ke4 Rxf2 45. Kxe5 Rb2 46. a5 Nf3+ 47. Kd5 Nd2 48. a6 Nxb3 49. Ra4 Rd2+ 50. Kc4 Rd8 51. Kxb3 Kf5 52. Kc3 Ke5 53. a7 Ra8 54. Kd3 Kd6 55. Kd4 Ke6 56. e4 Kd6 57. Ra6+ Kd7 58. Kd5 Ke7 59. e5 Kd7 60. e6+ Ke7 61. Ke5 Ke8 62. Kf6 Kf8 63. Ra1 Kg8 64. Ke7 Kg7 65. Kd7 Kf6 66. e7 Kf7 67. Rf1+ Kg6 68. e8=Q+ Rxe8 69. Kxe8 Kg5 70. a8=Q 1-0


[Site "https://www.chess.com"]

[Event "Titled Tuesday Blitz March 07 Late 2023"]
[White "Diaz Perez, Michel Alejandro"]
[Black "Yuan, Qingyu"]
[WhiteFideId "3517179"]
[BlackFideId "8609772"]
[WhiteElo "2333"]
[BlackElo "2359"]
[Result "0-1"]
[Round "10"]
[TimeControl "180+2"]
[Date "2023.03.07"]
[WhiteClock "0:00:09"]
[BlackClock "0:00:06"]

1. Nf3 d5 2. c4 e6 3. e3 Nf6 4. b3 Be7 5. Bb2 O-O 6. Qc2 c5 7. Bd3 dxc4 8. bxc4 Nc6 9. a3 h6 10. Nc3 b6 11. Ne4 Bb7 12. O-O-O Nxe4 13. Bxe4 Bf6 14. g4 Bxb2+ 15. Kxb2 Rb8 16. Ka2 Na5 17. h4 Bxe4 18. Qxe4 Qd7 19. Qc2 b5 20. Ne5 Qd6 21. f4 bxc4 22. Rb1 Qd5 23. Qc3 Nb3 24. Rb2 Rfd8 25. Rhb1 Rb6 26. Nxc4 Na5 27. d3 Nxc4 28. dxc4 Qc6 29. g5 h5 30. Qc2 g6 31. Qc3 Rd6 32. Qc2 Qb7 33. Rxb6 axb6 34. Rd1 Qd7 35. Rxd6 Qxd6 36. Qb2 Qd3 37. Qxb6 Qxc4+ 38. Qb3 Qe2+ 39. Kb1 c4 40. Qb8+ Kg7 41. Qe5+ Kg8 42. Qb8+ Kh7 43. Qc7 Qd3+ 44. Ka2 Qb3+ 45. Ka1 Qxa3+ 46. Kb1 Qb3+ 47. Ka1 Qc3+ 48. Kb1 Kg7 49. Qc5 Qb3+ 50. Kc1 Qc3+ 51. Kb1 Qd3+ 52. Kb2 Qd2+ 53. Ka3 c3 54. Kb3 Qb2+ 55. Ka4 c2 56. f5 exf5 57. e4 c1=Q 0-1


[Site "https://www.chess.com"]

[Event "Titled Tuesday Blitz March 07 Late 2023"]
[White "Saveliev, Alexei"]
[Black "Krzyzanowski, Marcin"]
[WhiteFideId "24128546"]
[BlackFideId "1132199"]
[WhiteElo "2271"]
[BlackElo "2471"]
[Result "1/2-1/2"]
[Round "10"]
[TimeControl "180+2"]
[Date "2023.03.07"]
[WhiteClock "0:00:17"]
[BlackClock "0:00:03"]

1. c4 e5 2. Nc3 Nf6 3. Nf3 Nc6 4. e3 Bb4 5. Qc2 O-O 6. Nd5 Re8 7. Qf5 Be7 8. Nxe5 d6 9. Nxc6 bxc6 10. Nxe7+ Qxe7 11. Qc2 d5 12. d4 Rb8 13. Bd3 dxc4 14. Bxc4 Qb4+ 15. Qc3 Qxc3+ 16. bxc3 Ne4 17. O-O Nxc3 18. Bd2 Nd5 19. Rab1 Bf5 20. Rxb8 Rxb8 21. Bb3 Be6 22. Rc1 Ne7 23. Bxe6 fxe6 24. a3 Rb6 25. g3 Kf7 26. Kg2 Ra6 27. Bb4 Nd5 28. Bc5 Nb6 29. Kf3 Nd7 30. Ke4 Nxc5+ 31. Rxc5 Ke7 32. Rc3 Kd6 33. f4 Rb6 34. Rc5 Ra6 35. Rg5 g6 36. h4 Rxa3 37. h5 gxh5 38. Rxh5 a5 39. Rxh7 Ra1 40. g4 a4 41. Rh8 c5 42. dxc5+ Kxc5 43. g5 Rg1 44. Ra8 Kb4 45. Ke5 c5 46. Kf6 c4 47. e4 c3 48. f5 exf5 49. exf5 c2 50. Rb8+ Ka3 51. Rc8 c1=Q 52. Rxc1 Rxc1 53. g6 Rg1 54. Kg7 Kb3 55. f6 a3 56. f7 a2 57. f8=Q a1=Q+ 58. Qf6 Qa7+ 59. Qf7+ Qxf7+ 60. Kxf7 Kc4 61. g7 Kd5 62. g8=Q Rxg8 63. Kxg8 1/2-1/2


[Site "https://www.chess.com"]

[Event "Titled Tuesday Blitz March 07 Late 2023"]
[White "Averjanov, Alexey"]
[Black "Baskakov, Egor"]
[WhiteFideId "14109867"]
[BlackFideId "24197866"]
[WhiteElo "2603"]
[BlackElo "2212"]
[Result "1-0"]
[Round "10"]
[TimeControl "180+2"]
[Date "2023.03.07"]
[WhiteClock "0:00:19"]
[BlackClock "0:00:31"]

1. d4 Nf6 2. c4 e6 3. Nf3 d5 4. e3 Be7 5. Nbd2 Ne4 6. g3 f5 7. Bg2 O-O 8. O-O c6 9. b3 Bd7 10. Ne5 Be8 11. a4 Nd7 12. Nxd7 Qxd7 13. Ba3 Bxa3 14. Rxa3 Qe7 15. Ra1 g5 16. Qc2 Bg6 17. f4 gxf4 18. exf4 Kh8 19. Nf3 Rg8 20. Ne5 Bh5 21. c5 Rg7 22. b4 Nxg3 23. hxg3 Rxg3 24. Rf2 Rag8 25. Rb1 Qh4 26. Rb3 R3g7 27. Re3 Bg4 28. Nxg4 Rxg4 29. Rxe6 Qg3 30. Qxf5 R4g7 31. Qe5 Qc3 32. Re7 Qc1+ 33. Kh2 Qd1 34. Rxg7 Rxg7 35. Rf3 1-0


[Site "https://www.chess.com"]

[Event "Titled Tuesday Blitz March 07 Late 2023"]
[White "Krallis, Christos"]
[Black "Fier, Alexandr"]
[WhiteFideId "4298896"]
[BlackFideId "2107139"]
[WhiteElo "2243"]
[BlackElo "2610"]
[Result "0-1"]
[Round "10"]
[TimeControl "180+2"]
[Date "2023.03.07"]
[WhiteClock "0:00:06"]
[BlackClock "0:01:10"]

1. Nf3 b6 2. g3 Bb7 3. Bg2 c5 4. O-O Nc6 5. d4 Nxd4 6. Nxd4 Bxg2 7. Kxg2 cxd4 8. Qxd4 Qc7 9. Nc3 e6 10. Rd1 Nf6 11. e4 Bc5 12. Qd3 O-O 13. Be3 Rad8 14. Bxc5 bxc5 15. b3 d5 16. exd5 exd5 17. Qf3 d4 18. Na4 Rfe8 19. c3 h5 20. cxd4 cxd4 21. Rac1 Qe5 22. Nc5 h4 23. Nd3 Qe6 24. Nf4 Qf5 25. Qd3 Qg4 26. h3 Qg5 27. Re1 hxg3 28. fxg3 Qa5 29. Rxe8+ Rxe8 30. Rc2 Qb6 31. Re2 Rc8 32. Rc2 Rd8 33. Qf3 Qa6 34. Rd2 Qa5 35. Qf2 Ne4 36. b4 Qxb4 37. Rb2 Qa3 38. Qe2 Qxg3+ 0-1


[Site "https://www.chess.com"]

[Event "Titled Tuesday Blitz March 07 Late 2023"]
[White "Iskusnyh, Sergei"]
[Black "Filgueira, Hernan"]
[WhiteFideId "4120027"]
[BlackFideId "101770"]
[WhiteElo "2492"]
[BlackElo "2363"]
[Result "1-0"]
[Round "10"]
[TimeControl "180+2"]
[Date "2023.03.07"]
[WhiteClock "0:00:11"]
[BlackClock "0:00:15"]

1. d4 d5 2. c4 e6 3. Nf3 Nf6 4. g3 Bb4+ 5. Bd2 Be7 6. Bg2 O-O 7. O-O c6 8. Qc2 b6 9. a3 Ba6 10. cxd5 cxd5 11. Bb4 Bxb4 12. axb4 Qe7 13. Qa4 Bxe2 14. Re1 Bxf3 15. Bxf3 Nbd7 16. Nc3 Qd8 17. b5 Qc7 18. Rec1 Rfc8 19. Na2 Qd6 20. Nb4 Rc7 21. Rc6 Rxc6 22. bxc6 Nf8 23. Na6 Ne8 24. b4 Nc7 25. b5 Rc8 26. h4 g6 27. h5 Kg7 28. Nxc7 Rxc7 29. Qb3 Qe7 30. Qe3 Qf6 31. Kg2 gxh5 32. Rh1 h6 33. Rxh5 Nh7 34. Be2 Ng5 35. Bd3 Nh7 36. f4 Nf8 37. Rh4 Ng6 38. Rh5 Nf8 39. f5 Re7 40. Qf4 e5 41. dxe5 Rxe5 42. Rxh6 Re1 43. Rxf6 Kxf6 44. Qd6+ 1-0


[Site "https://www.chess.com"]

[Event "Titled Tuesday Blitz March 07 Late 2023"]
[White "Papayan, Oleg"]
[Black "Cardoso Cardoso, Jose Gabriel"]
[WhiteFideId "4193911"]
[BlackFideId "4430492"]
[WhiteElo "2153"]
[BlackElo "2496"]
[Result "1/2-1/2"]
[Round "10"]
[TimeControl "180+2"]
[Date "2023.03.07"]
[WhiteClock "0:00:04"]
[BlackClock "0:00:06"]

1. e4 c5 2. Nf3 Nc6 3. Bb5 e6 4. Bxc6 bxc6 5. d3 Ne7 6. Nbd2 d6 7. e5 d5 8. Qe2 Nf5 9. b3 Be7 10. Bb2 Qb6 11. O-O Ba6 12. c4 Rd8 13. Rfd1 O-O 14. Nf1 Rd7 15. Ng3 Nxg3 16. hxg3 Rfd8 17. Rd2 Bb7 18. Rad1 a5 19. Bc3 a4 20. bxa4 Qa6 21. a5 Ra8 22. Rb2 Bd8 23. Rdb1 h6 24. g4 Bc8 25. Rb8 Qa7 26. Rxa8 Qxa8 27. Qb2 Rb7 28. Qc2 Bxa5 29. Rxb7 Bxb7 30. Bxa5 Qxa5 31. Qb3 Qa6 32. Kf1 Kf8 33. Ke2 Ke7 34. Kd2 Qa5+ 35. Kc2 Qc7 36. a4 Ba6 37. Kd2 Qa5+ 38. Kc2 Kd7 39. Nd2 Kc7 40. f4 Bc8 41. g3 Bd7 42. Nf3 Bc8 43. Nd2 Ba6 44. Nf3 Bc8 45. Nd2 1/2-1/2


[Site "https://www.chess.com"]

[Event "Titled Tuesday Blitz March 07 Late 2023"]
[White "Gonzalez, Francisco Silva"]
[Black "Fus, Jakub"]
[WhiteFideId "1512285"]
[BlackFideId "1193023"]
[WhiteElo "2074"]
[BlackElo "2335"]
[Result "1/2-1/2"]
[Round "10"]
[TimeControl "180+2"]
[Date "2023.03.07"]
[WhiteClock "0:00:06"]
[BlackClock "0:00:08"]

1. d4 e6 2. c4 Nf6 3. Nc3 d5 4. Bg5 dxc4 5. e3 c5 6. dxc5 Qa5 7. Qd4 Bxc5 8. Qxc4 Nbd7 9. a3 Be7 10. Nf3 O-O 11. b4 Qd8 12. Rd1 a6 13. Qb3 Qc7 14. Bf4 e5 15. Bg3 b5 16. Be2 Bb7 17. O-O Rac8 18. Rc1 Qb8 19. Rfd1 Rfd8 20. Ng5 Rf8 21. Rd2 Nb6 22. Rcd1 Nc4 23. Bxc4 bxc4 24. Qc2 Qa8 25. Rd7 h6 26. Rxe7 hxg5 27. Bxe5 Bxg2 28. Bxf6 gxf6 29. e4 Bf3 30. Rdd7 Rcd8 31. Ra7 Qc8 32. Kf1 Qg4 33. Nd5 Rxd5 34. exd5 Bxd5 35. Qg6+ Kh8 36. Qh6+ Kg8 37. Qg6+ Kh8 38. Qh6+ Kg8 39. Qg6+ 1/2-1/2


[Site "https://www.chess.com"]

[Event "Titled Tuesday Blitz March 07 Late 2023"]
[White "Rostomyan, Mikayel"]
[Black "Mirzoev, Azer"]
[WhiteFideId "13313754"]
[BlackFideId "13400304"]
[WhiteElo "2009"]
[BlackElo "2525"]
[Result "0-1"]
[Round "10"]
[TimeControl "180+2"]
[Date "2023.03.07"]
[WhiteClock "0:00:03"]
[BlackClock "0:00:09"]

1. e4 c5 2. Nf3 d6 3. d4 cxd4 4. Nxd4 Nf6 5. Nc3 a6 6. f3 Nbd7 7. Be3 b5 8. a4 bxa4 9. Nxa4 e6 10. Be2 Bb7 11. O-O Be7 12. c4 O-O 13. b4 Qc7 14. Qb3 Rfb8 15. Rfc1 h5 16. b5 h4 17. h3 Nc5 18. Nxc5 dxc5 19. Nc2 Nh5 20. Rd1 Bd6 21. b6 Bh2+ 22. Kf1 Qe5 23. Ra5 Ng3+ 24. Kf2 Nxe4+ 25. fxe4 Qg3+ 26. Kf1 Bxe4 27. Ne1 Rxb6 28. Qxb6 Qxe3 29. Qxc5 Qc3 30. Ra3 Qb2 31. Re3 Bb7 32. Qd4 Qb4 33. c5 Qa5 34. Qc3 Qc7 35. Bf3 Bxf3 36. Nxf3 Bf4 37. Red3 Rc8 38. c6 Bg3 39. Qc2 Qb6 40. c7 Bxc7 41. Rd8+ Rxd8 42. Rxd8+ Bxd8 43. Nxh4 Bxh4 0-1


[Site "https://www.chess.com"]

[Event "Titled Tuesday Blitz March 07 Late 2023"]
[White "Nunez V, Gustavo Eduardo"]
[Black "Duda, Jan-Krzysztof"]
[WhiteFideId "4403690"]
[BlackFideId "1170546"]
[WhiteElo "2228"]
[BlackElo "2790"]
[Result "0-1"]
[Round "10"]
[TimeControl "180+2"]
[Date "2023.03.07"]
[WhiteClock "0:00:48"]
[BlackClock "0:02:28"]

1. e4 e6 2. d3 Ke7 3. Nd2 f6 4. g3 d5 5. Bg2 d4 6. Ne2 c5 7. c3 Nc6 8. cxd4 cxd4 9. O-O e5 10. a3 a5 11. a4 Be6 12. b3 Kd7 13. Nc4 Bb4 14. Bd2 Nge7 15. Bxb4 Nxb4 16. Nc1 Nec6 17. Na2 Qe7 18. Nb6+ Kc7 19. Nxa8+ Rxa8 20. Nxb4 Qxb4 21. Rb1 Kb6 22. Qc2 Rc8 23. Rfc1 Nb8 24. Qd1 Rc3 25. f4 Na6 26. fxe5 fxe5 27. Qh5 Qc5 28. Rd1 Nb4 29. Bf1 Bxb3 30. Re1 Bxa4 31. Qxh7 Bc2 32. Rb2 a4 33. Ra1 a3 34. Rxc2 Nxc2 35. Rb1+ Qb4 36. Rxb4+ Nxb4 37. Qg8 a2 38. Qd8+ Kb5 39. Qa8 b6 40. Bh3 Rc1+ 41. Kf2 a1=Q 42. Bd7+ Nc6 43. Bxc6+ Kb4 44. Qf8+ Kc3 45. Qxg7 Rg1 46. Ba4 Qf1# 0-1


[Site "https://www.chess.com"]

[Event "Titled Tuesday Blitz March 07 Late 2023"]
[White "Carbone, Diego"]
[Black "Harsh Suresh"]
[WhiteFideId "3002179"]
[BlackFideId "45018464"]
[WhiteElo "2266"]
[BlackElo "2227"]
[Result "0-1"]
[Round "10"]
[TimeControl "180+2"]
[Date "2023.03.07"]
[WhiteClock "0:00:01"]
[BlackClock "0:00:02"]

1. d4 g6 2. c4 Bg7 3. Nf3 d6 4. g3 b6 5. Bg2 Bb7 6. O-O Nd7 7. Nc3 e6 8. h3 Ne7 9. e4 O-O 10. Bg5 h6 11. Be3 Kh7 12. Qd2 e5 13. b3 Nc6 14. d5 Ne7 15. Ne1 f5 16. Nd3 Nf6 17. f4 Nxe4 18. Nxe4 fxe4 19. Bxe4 exf4 20. Nxf4 Bxa1 21. Rxa1 Bc8 22. Ne6 Bxe6 23. dxe6 Nf5 24. Bxa8 Qxa8 25. Rf1 Re8 26. g4 Ng3 27. Rf7+ Kg8 28. Qd5 Qxd5 29. cxd5 Ne2+ 30. Kg2 Nc3 31. Bxh6 Nxd5 32. Rg7+ Kh8 33. Rxg6 Kh7 34. Rg5 Nf4+ 35. Kf3 Nxe6 36. Rh5 Nd4+ 37. Kf2 Re2+ 38. Kf1 Kg6 39. Bf8 Rxa2 40. h4 Nxb3 41. Rg5+ Kf7 42. Bh6 Nd4 43. Rg7+ Ke6 44. Rxc7 a5 45. g5 a4 46. g6 Ra1+ 47. Kf2 Ra2+ 48. Kg3 Nf5+ 49. Kg4 Nxh6+ 50. Kg5 Nf5 51. Rc8 Rg2+ 52. Kh5 a3 53. Re8+ Ne7 54. Kh6 Rxg6+ 55. Kh7 Rg2 56. h5 a2 57. Ra8 Kf7 58. h6 b5 59. Kh8 Rg8+ 60. Kh7 Rg2 61. Kh8 b4 62. h7 Rf2 63. Rf8+ Ke6 64. Rxf2 a1=Q+ 65. Rf6+ Qxf6# 0-1


[Site "https://www.chess.com"]

[Event "Titled Tuesday Blitz March 07 Late 2023"]
[White "Ezat, Mohamed"]
[Black "Perske, Thore"]
[WhiteFideId "10600906"]
[BlackFideId "12902195"]
[WhiteElo "2386"]
[BlackElo "2336"]
[Result "0-1"]
[Round "10"]
[TimeControl "180+2"]
[Date "2023.03.07"]
[WhiteClock "0:00:15"]
[BlackClock "0:00:06"]

1. e4 e6 2. d4 d5 3. Nd2 c5 4. Ngf3 a6 5. c3 Nc6 6. Bd3 Nf6 7. O-O Be7 8. exd5 Nxd5 9. dxc5 Bxc5 10. Ne4 Bb6 11. Bg5 Qc7 12. Qe2 Nf4 13. Bxf4 Qxf4 14. g3 Qc7 15. Nfg5 h6 16. Qh5 Ne5 17. Bc2 g6 18. Qh4 Kf8 19. c4 Kg7 20. Qf4 hxg5 21. Qf6+ Kg8 22. c5 Bxc5 23. Nxc5 Qxc5 24. Rad1 Bd7 25. Be4 Bc6 26. Rc1 Qd4 27. Rxc6 Nxc6 28. Qf3 Rd8 29. Re1 Kg7 30. Bxc6 bxc6 31. Re4 Qd1+ 32. Qxd1 Rxd1+ 33. Kg2 Rd2 34. Rc4 Rxb2 35. Rxc6 Rxa2 36. Rc7 a5 37. Rc5 a4 38. Rxg5 a3 39. Ra5 Ra1 40. h4 a2 41. Kh2 Rb8 42. Kg2 Rb2 43. h5 gxh5 44. Ra7 Rab1 45. Kh3 a1=Q 46. Rxa1 Rxa1 47. Kh4 Rxf2 48. g4 Rf4 49. Kg5 Rxg4+ 50. Kxh5 Rg6 51. Kh4 Rh1# 0-1


[Site "https://www.chess.com"]

[Event "Titled Tuesday Blitz March 07 Late 2023"]
[White "Do Valle Cardoso, Lucas"]
[Black "Petrovic, Aleksa"]
[WhiteFideId "2163144"]
[BlackFideId "967629"]
[WhiteElo "2383"]
[BlackElo "2326"]
[Result "1-0"]
[Round "10"]
[TimeControl "180+2"]
[Date "2023.03.07"]
[WhiteClock "0:01:41"]
[BlackClock "0:01:38"]

1. e4 e6 2. d4 d5 3. Nc3 Bb4 4. e5 c5 5. a3 Bxc3+ 6. bxc3 Qa5 7. Bd2 Qa4 8. Qg4 Kf8 9. c4 Nc6 10. Nf3 cxd4 11. Nxd4 Nxe5 12. Qg3 Nxc4 13. Bb4+ Ne7 14. Bxc4 dxc4 15. O-O-O Bd7 16. Nf5 exf5 17. Qd6 Re8 18. Qxd7 1-0


[Site "https://www.chess.com"]

[Event "Titled Tuesday Blitz March 07 Late 2023"]
[White "Dragomirescu, Angela"]
[Black "Almeida Quintana, Omar"]
[WhiteFideId "1209914"]
[BlackFideId "3503313"]
[WhiteElo "2171"]
[BlackElo "2530"]
[Result "1-0"]
[Round "10"]
[TimeControl "180+2"]
[Date "2023.03.07"]
[WhiteClock "0:00:20"]
[BlackClock "0:00:14"]

1. e4 d6 2. d4 Nf6 3. Nc3 e5 4. Nf3 Nbd7 5. Bc4 Be7 6. O-O O-O 7. Re1 c6 8. a3 h6 9. a4 a5 10. h3 Re8 11. Be3 Rf8 12. Ba2 Qc7 13. Qd2 Kh7 14. Nh4 Nb8 15. Nf5 Bxf5 16. exf5 Na6 17. Qe2 Nb4 18. Bb3 Rae8 19. dxe5 dxe5 20. Qf3 b6 21. Rad1 Kg8 22. Ne4 Rd8 23. c3 Nbd5 24. Bc1 Rfe8 25. Qg3 Kf8 26. Qh4 Nxe4 27. Qxe4 Nf6 28. Qe2 Bc5 29. Rxd8 Qxd8 30. Rd1 Qc7 31. g3 e4 32. Bf4 Qe7 33. Kg2 e3 34. f3 Nh5 35. Qc4 e2 36. Re1 Nxf4+ 37. Qxf4 Rd8 38. Qe4 Qxe4 39. fxe4 Rd2 40. Bc4 Rxb2 41. Rxe2 Rb1 42. Rc2 Re1 43. Bd3 Ra1 44. e5 Rxa4 45. f6 gxf6 46. exf6 Ra3 47. Be4 b5 48. Bxc6 Rb3 49. Re2 1-0


[Site "https://www.chess.com"]

[Event "Titled Tuesday Blitz March 07 Late 2023"]
[White "Wartiovaara, Oliver"]
[Black "Czernek, Tymon"]
[WhiteFideId "513024"]
[BlackFideId "1199510"]
[WhiteElo "2214"]
[BlackElo "2156"]
[Result "0-1"]
[Round "10"]
[TimeControl "180+2"]
[Date "2023.03.07"]
[WhiteClock "0:01:01"]
[BlackClock "0:01:41"]

1. d4 d5 2. c4 e6 3. Nc3 Nf6 4. cxd5 exd5 5. Bg5 Be7 6. e3 c6 7. Bd3 Nbd7 8. Nge2 Nf8 9. O-O Ne6 10. Bh4 O-O 11. f3 g6 12. Qd2 Ne4 13. fxe4 Bxh4 14. e5 Bg5 15. Nf4 f6 16. exf6 Nxf4 17. exf4 Bxf6 18. Ne2 Qb6 19. Qc3 Bg4 20. Rad1 Rfe8 21. Rfe1 Re3 22. h3 Bxe2 0-1


[Site "https://www.chess.com"]

[Event "Titled Tuesday Blitz March 07 Late 2023"]
[White "Kleiman, Jake"]
[Black "Sai Han Thiha"]
[WhiteFideId "2020041"]
[BlackFideId "13012290"]
[WhiteElo "2492"]
[BlackElo "1954"]
[Result "1-0"]
[Round "10"]
[TimeControl "180+2"]
[Date "2023.03.07"]
[WhiteClock "0:00:15"]
[BlackClock "0:00:01"]

1. e4 c6 2. Nc3 d5 3. Nf3 Bg4 4. h3 Bxf3 5. Qxf3 e6 6. a3 Nd7 7. d3 g6 8. g3 Bg7 9. Bg2 Ne7 10. O-O O-O 11. Qe2 b5 12. Bg5 Re8 13. Kh1 a5 14. Rae1 b4 15. axb4 axb4 16. Nd1 Nc5 17. Qe3 Na4 18. e5 Nf5 19. Qf4 Qc7 20. g4 h6 21. gxf5 hxg5 22. Qxg5 exf5 23. f4 Nc5 24. h4 Qe7 25. Qg3 Bh6 26. Rg1 Ne6 27. Ref1 Ra1 28. Ne3 Rxf1 29. Rxf1 Kh7 30. Bh3 Rg8 31. c3 bxc3 32. bxc3 Qc5 33. d4 Qxc3 34. Nxf5 Qxg3 35. Nxg3 Nxd4 36. h5 Rd8 37. hxg6+ fxg6 38. Bg4 Kg7 39. Kg2 Rf8 40. f5 gxf5 41. Bxf5 Nxf5 42. Nxf5+ Kg6 43. Ne7+ Kg5 44. Rc1 Re8 45. Nxc6 Kf5 46. Rf1+ Bf4 47. Kf3 Rc8 48. Ne7+ Kxe5 49. Nxc8 Bg5 50. Nb6 Bd8 51. Nxd5 Bg5 52. Rd1 Bh6 53. Ne3 Kf6 54. Rd5 1-0


[Site "https://www.chess.com"]

[Event "Titled Tuesday Blitz March 07 Late 2023"]
[White "Poeta, Caio Medeiros"]
[Black "Lewtak, Damian"]
[WhiteFideId "2142660"]
[BlackFideId "1141724"]
[WhiteElo "2191"]
[BlackElo "2302"]
[Result "0-1"]
[Round "10"]
[TimeControl "180+2"]
[Date "2023.03.07"]
[WhiteClock "0:00:04"]
[BlackClock "0:00:11"]

1. d4 d6 2. c4 g6 3. Nc3 Bg7 4. e4 e5 5. d5 f6 6. f3 Nd7 7. Be3 f5 8. Bd3 f4 9. Bf2 b6 10. Nge2 a5 11. g3 fxg3 12. hxg3 Ngf6 13. Qd2 O-O 14. O-O-O Nc5 15. Be3 Nxd3+ 16. Qxd3 Bd7 17. Qd2 Nh5 18. g4 Nf4 19. Nxf4 exf4 20. Bd4 Bxd4 21. Qxd4 Qf6 22. Qf2 a4 23. a3 Rab8 24. Kb1 b5 25. cxb5 Bxb5 26. Nxb5 Rxb5 27. Qd4 Qe7 28. Qxa4 Rfb8 29. Rd2 Rb3 30. Rf1 Qe5 31. Rff2 Qc3 32. Ka2 Qe3 33. Qc4 R8b7 34. Rde2 Qb6 35. Qc2 Kf7 36. g5 Qa6 37. Qc1 Qd3 38. Qc2 Kg7 39. Qxd3 Rxd3 40. b4 Ra7 41. Rc2 Rdxa3+ 42. Kb2 Ra2+ 43. Kb3 R2a3+ 44. Kc4 Rb7 45. Rb2 h6 46. Rb3 Rxb3 47. Kxb3 hxg5 48. Kc4 Kf6 49. Rh2 g4 50. fxg4 Kg5 51. Rg2 f3 52. Rg3 Kf4 53. Rg1 f2 54. Rf1 Ke3 55. Rh1 Ke2 56. Rh2 Ke1 57. Rxf2 Kxf2 58. g5 Ke3 0-1


[Site "https://www.chess.com"]

[Event "Titled Tuesday Blitz March 07 Late 2023"]
[White "Golubev, Mikhail"]
[Black "Poliakova, Varvara"]
[WhiteFideId "14100983"]
[BlackFideId "13518313"]
[WhiteElo "2374"]
[BlackElo "2075"]
[Result "0-1"]
[Round "10"]
[TimeControl "180+2"]
[Date "2023.03.07"]
[WhiteClock "0:00:06"]
[BlackClock "0:01:16"]

1. e4 e5 2. Nf3 Nc6 3. Bc4 Bc5 4. c3 Nf6 5. d4 exd4 6. cxd4 Bb4+ 7. Nbd2 Nxe4 8. d5 Bxd2+ 9. Bxd2 Ne7 10. Bb4 d6 11. O-O O-O 12. Re1 f5 13. Nd4 Bd7 14. f3 Nf6 15. Ne6 Bxe6 16. Rxe6 Kh8 17. Bc3 Rf7 18. Qd4 Ng6 19. Rae1 f4 20. Bb3 Ne5 21. R1xe5 dxe5 22. Qxe5 Qf8 23. h4 a5 24. h5 a4 25. Bc2 Re8 26. Bxa4 Qc5+ 27. Kh2 Rxe6 28. Qxe6 Qxd5 29. Qc8+ Ng8 30. h6 Qh5+ 31. Kg1 Qxh6 32. Bb3 Qb6+ 33. Kf1 Qb5+ 34. Kf2 Qf5 35. Bxf7 Qxc8 36. Bxg7+ Kxg7 0-1


[Site "https://www.chess.com"]

[Event "Titled Tuesday Blitz March 07 Late 2023"]
[White "Womacka, Mathias"]
[Black "Gubajdullin, Alexei"]
[WhiteFideId "4611390"]
[BlackFideId "4141202"]
[WhiteElo "2377"]
[BlackElo "2267"]
[Result "1-0"]
[Round "10"]
[TimeControl "180+2"]
[Date "2023.03.07"]
[WhiteClock "0:00:30"]
[BlackClock "0:01:10"]

1. e4 g6 2. d4 Bg7 3. Nc3 d6 4. f4 c6 5. Be3 Qb6 6. Qd2 Qxb2 7. Rb1 Qa3 8. Nf3 Qa5 9. Bc4 e6 10. O-O Ne7 11. Qd3 O-O 12. Ne2 d5 13. Bb3 dxe4 14. Qxe4 Nf5 15. Bf2 Nd7 16. c4 Nf6 17. Qc2 Qb5 18. cxb5 Bd7 19. bxc6 Bxc6 20. Ne5 Bd5 21. Bxd5 Nxd5 22. Rxb7 Nfe3 23. Bxe3 Nxe3 24. Qb3 Nxf1 25. Kxf1 Rac8 26. Rxa7 Rb8 27. Rb7 Ra8 28. a4 Ra5 29. Nxf7 Rd5 30. Ne5 Rc8 31. Rb8 Rxb8 32. Qxb8+ Bf8 33. Qc8 Rd6 34. a5 Kg7 35. a6 Be7 36. a7 Kh6 37. a8=Q Kh5 38. Qe8 Bf6 39. Qf3+ Kh6 40. Qf8+ Bg7 41. Qh3# 1-0


[Site "https://www.chess.com"]

[Event "Titled Tuesday Blitz March 07 Late 2023"]
[White "Martinez Reyes, Pedro Ramon"]
[Black "Sreyas Payyappat"]
[WhiteFideId "3901807"]
[BlackFideId "46674969"]
[WhiteElo "2340"]
[BlackElo "2083"]
[Result "0-1"]
[Round "10"]
[TimeControl "180+2"]
[Date "2023.03.07"]
[WhiteClock "0:00:09"]
[BlackClock "0:00:05"]

1. a3 e5 2. e3 d5 3. d4 exd4 4. Qxd4 c5 5. Qd1 Nc6 6. Nf3 Nf6 7. c4 Be6 8. cxd5 Bxd5 9. Nc3 Be6 10. Qa4 Be7 11. Bc4 Bd7 12. O-O O-O 13. Qc2 Qc8 14. Rd1 Bg4 15. Be2 Qc7 16. Bd2 Rfd8 17. Be1 Ne5 18. Nxe5 Qxe5 19. h3 Bf5 20. Qb3 Bd6 21. Bf3 Qh2+ 22. Kf1 Be6 23. Qa4 a6 24. Bxb7 Rab8 25. Qxa6 Rxb7 26. Rxd6 Qxd6 27. Qxb7 Qh2 28. Ke2 Bc4+ 29. Kf3 g5 30. Qe7 g4+ 31. hxg4 Rd6 32. Rd1 Re6 33. Rd8+ Kg7 34. Qf8+ Kg6 35. g3 Qh1+ 36. Kf4 Re4+ 37. Nxe4 Qxe4# 0-1


[Site "https://www.chess.com"]

[Event "Titled Tuesday Blitz March 07 Late 2023"]
[White "Danielian, Vardan"]
[Black "Gasparyan, David"]
[WhiteFideId "13301594"]
[BlackFideId "13311980"]
[WhiteElo "2561"]
[BlackElo "2463"]
[Result "0-1"]
[Round "10"]
[TimeControl "180+2"]
[Date "2023.03.07"]
[WhiteClock "0:00:06"]
[BlackClock "0:01:16"]

1. d4 Nf6 2. c4 e6 3. Nf3 b6 4. e3 Bb7 5. Bd3 Ne4 6. O-O f5 7. b3 Bd6 8. Bb2 O-O 9. Nbd2 Nxd2 10. Nxd2 Bxh2+ 11. Kxh2 Qh4+ 12. Kg1 Bxg2 13. Kxg2 Qg5+ 14. Kh2 Rf6 15. Qf3 Rh6+ 16. Qh3 Rxh3+ 17. Kxh3 Nc6 18. Rg1 Qh5+ 19. Kg2 Nb4 20. Bf1 Qg4+ 21. Kh2 Qh4+ 22. Kg2 Rf8 23. d5 f4 24. exf4 Rxf4 25. f3 Nc2 26. Bd4 Rxd4 0-1


[Site "https://www.chess.com"]

[Event "Titled Tuesday Blitz March 07 Late 2023"]
[White "Shapiro, Viktor"]
[Black "Vaglio Munoz, Jaime"]
[WhiteFideId "4175700"]
[BlackFideId "6500145"]
[WhiteElo "2152"]
[BlackElo "2199"]
[Result "1-0"]
[Round "10"]
[TimeControl "180+2"]
[Date "2023.03.07"]
[WhiteClock "0:00:22"]
[BlackClock "0:00:03"]

1. c4 b6 2. Nf3 Bb7 3. g3 Bxf3 4. exf3 c6 5. Bg2 e6 6. f4 Ne7 7. O-O g6 8. Nc3 d5 9. d4 Bg7 10. Be3 O-O 11. Qe2 Nd7 12. Rfd1 Nf5 13. b4 a6 14. Rac1 b5 15. c5 a5 16. a3 axb4 17. axb4 h5 18. Nxb5 cxb5 19. Qxb5 Nf6 20. c6 Ng4 21. c7 Qc8 22. Rd3 Ngxe3 23. fxe3 Nxe3 24. Rxe3 Bxd4 25. Qd3 Bxe3+ 26. Qxe3 Qb7 27. Qc5 Rfc8 28. b5 Ra5 29. Bf1 d4 30. Qxd4 Ra2 31. b6 Kh7 32. h3 h4 33. gxh4 Qf3 34. Rc3 Qb7 35. Rg3 Rca8 36. Bg2 Rxg2+ 37. Rxg2 Ra2 38. Rxa2 1-0


[Site "https://www.chess.com"]